 Dungeon Crawl Stone Soup version 0.30-a0-760-g5a9884bb7c (webtiles) character file.

Game seed: 15791965578070346288

967 xian the Caller (level 7, -1/42 (49) HPs)
             Began as a Demonspawn Hedge Wizard on Feb 11, 2023.
             Slain by a wight
             ... wielding a +0 halberd
              (10 damage)
             ... on level 5 of the Dungeon.
             The game lasted 00:19:35 (4610 turns).

xian the Caller (Demonspawn Hedge Wizard)           Turns: 4610, Time: 00:19:36

HP:   -1/42 (49)    AC: 15    Str: 11    XL:     7   Next: 93%
MP:   11/14         EV: 17    Int: 17    God:
Gold: 185           SH:  0    Dex: 12    Spells: 5/15 levels left

rFire   . . .      SeeInvis .    a - +0 dagger
rCold   . . .      Faith    .    (no shield)
rNeg    . . .      Spirit   .    v - +3 leather armour
rPois   .          Reflect  .    c - +0 hat
rElec   .          Harm     .    w - +1 cloak
rCorr   +          Rampage  .    u - +2 pair of gloves {Stlth+}
Will    .....                    m - +0 pair of boots
Stlth   +++                      (no amulet)
HPRegen 0.27/turn                j - ring of resist corrosion
MPRegen 0.28/turn                y - +5 ring of evasion

@: about to teleport, hasted, heavily drained, very quick
A: molten scales 2, demonic guardian 1, magic regeneration
a: no special abilities


You were on level 5 of the Dungeon.
You visited 1 branch of the dungeon, and saw 5 of its levels.

You collected 185 gold pieces.

Inventory:

Hand Weapons
 a - a +0 dagger (weapon)
Missiles
 i - 5 poisoned darts
Armour
 c - a +0 hat (worn)
 k - a +0 tower shield
 m - a +0 pair of boots (worn)
 u - a +2 pair of gloves of stealth (worn)
 v - a +3 leather armour (worn)
 w - a +1 cloak (worn)
Jewellery
 j - a ring of resist corrosion (left hand)
 y - a +5 ring of evasion (right hand)
Wands
 l - a wand of flame (20)
 r - a wand of mindburst (10)
 t - a wand of charming (11)
Scrolls
 b - 3 scrolls of magic mapping {unknown}
 f - a scroll of butterflies
 g - a scroll of poison
 h - a scroll of immolation
 n - a scroll of teleportation
Potions
 d - 2 potions of magic
 e - 2 potions of lignification {unknown}
 o - a potion of mutation {unknown}
 p - 2 potions of degeneration {unknown}
 q - a potion of resistance {unknown}
 s - a potion of haste
 x - a potion of flight {unknown}
 z - a potion of heal wounds {unknown}


   Skills:
 + Level 1.7 Fighting
 + Level 1.3 Short Blades
 + Level 1.5 Armour
 + Level 2.6 Dodging
 + Level 2.5 Stealth
 * Level 2.5 Shields
 + Level 4.9 Spellcasting
 + Level 2.1 Conjurations
 + Level 0.2 Hexes
 * Level 5.2 Summonings
 - Level 0.8 Translocations


You had 5 spell levels left.
You knew the following spells:

 Your Spells              Type           Power      Damage    Failure   Level
a - Magic Dart            Conj           44%        1d5       8%          1
b - Summon Small Mammal   Summ           88%        N/A       2%          1
c - Call Imp              Summ           22%        N/A       3%          2
d - Call Canine Familiar  Summ           22%        N/A       6%          3
e - Summon Guardian Gole  Hex/Summ       13%        N/A       19%         3

Your spell library contained the following spells:

 Spells                   Type           Power      Damage    Failure   Level
 Apportation              Tloc           14%        N/A       13%         1
 Slow                     Hex            20%        N/A       17%         1
 Necrotise                Necr           16%        1d4       19%         1
 Blink                    Tloc           14%        N/A       21%         2
 Cigotuvi's Dreadful Rot  Necr/Pois/Air  8%         N/A       28%         2
 Mephitic Cloud           Conj/Pois/Air  6%         N/A       38%         3
 Freezing Cloud           Conj/Ice/Air   3%         6-21      98%         5
 Dragon Form              Tmut           2%         N/A       100%        7
 Necromutation            Tmut/Necr      2%         N/A       100%        8


Dungeon Overview and Level Annotations

Branches:
Dungeon (5/15)
 Temple: D:4-7

Altars:
Yredelemnul

Shops:
D:4 [


Innate Abilities, Weirdness & Mutations

You are mostly covered in molten scales. (AC +3)
A weak demonic guardian rushes to your aid.
You regenerate magic rapidly.


Message History

The wight closely misses you.
Your shadow imp closely misses the wight.
Okay, then.
You feel yourself speed up. The wight hits you but does no damage.
Your shadow imp barely misses the wight.
Casting: Summon Guardian Golem (quite dangerous; 19% risk of failure)
Confirm with . or Enter, or press ? or * to list all spells.
Your hound bites the wight.
The wight barely misses your hound.
Your shadow imp closely misses the wight.
Your hound barely misses the wight.
An orc comes into view. It is wielding a +0 hand axe.
The wight barely misses your hound.
An orc priest comes into view. It is wielding a +0 flail.
Your shadow imp hits the wight but does no damage.
There is a broken door here.
Your guardian golem disappears in a puff of smoke!
The wight closely misses your hound.
An orc comes into view. It is wielding a +0 trident.
Your hound bites the wight.
The orc priest shouts!
The orc shouts!
Your hound bites the wight but does no damage.
There is a broken door here.
The wight barely misses your hound. The wight hits you but does no damage.
An orc comes into view. It is wielding a +0 hand axe.
The wight completely misses your hound.
Your shadow imp hits the wight but does no damage.
Your hound bites the wight but does no damage.
As you read the scroll of teleportation, it crumbles to dust.
You feel strangely unstable.
The orc shouts! x2
The wight hits your hound with a +4 falchion!
The wight misses you.
An orc wizard comes into view. It is wielding a +0 dagger.
The wight hits your hound with a +2 dagger!
Your hound dies!
Your hound's corpse disappears in a puff of smoke!
Your shadow imp hits the wight.
The wight misses you.
Your shadow imp hits the wight.
The wight hits you from afar with a +0 halberd!
You die...

...... .......# .... .. .....
......# #..# o.###### ....
.....#####..##oo#.....
##'#######.......#...o..#.....
#........#.......#......#.....
#........#)..5z..#......#....)
+........'...zz..#......#.....
#........#.......'......#.....
#........#...@...########.....
#..##'##'#......)....)......##
##..##.#......####....).)....#.
#......#......# +...).......#.
+......#......# #.............
#......#......# #....≈.......≈
####...#......####......#...#..
### ##'###......#.###.#....≈....
#.z.#....#......#..).....#...#..


You could see 3 wights and a friendly shadow imp (summoned).

Vanquished Creatures
  An ogre (D:5)
  A scorpion (D:4)
  A wight (D:5)
  3 adders
  A worm (D:2)
  A dart slug (D:4)
  5 bats
  6 endoplasms
  3 giant cockroaches
  5 goblins
  2 hobgoblins
  4 jackals (D:3)
  2 quokkas (D:3)
  6 ball pythons
  2 frilled lizards
  4 kobolds
  5 rats
52 creatures vanquished.

Vanquished Creatures (collateral kills)
  Grinder (D:3)
  Sigmund (D:3)
  A phantom (D:4)
  A necrophage (D:4)
  An orc priest (D:5)
  6 gnolls (D:5)
  5 adders
  A dart slug (D:3)
  7 orcs
  An endoplasm (D:2)
  A giant cockroach (D:4)
  2 hobgoblins
  6 jackals (D:3)
  2 quokkas
  A ball python (D:4)
  A bat (D:1)
  A frilled lizard (D:2)
  A goblin (D:4)
  A kobold (D:2)
  3 rats
44 creatures vanquished.

Vanquished Creatures (others)
  A gnoll (D:5)
  3 orcs (D:4)
  A hobgoblin (D:4)
5 creatures vanquished.

Grand Total: 101 creatures vanquished

Notes
Turn   | Place    | Note
-------+----------+-------------------------------------------
     0 | D:1      | xian the Demonspawn Hedge Wizard began the quest for the
                  | Orb.
     0 | D:1      | Reached XP level 1. HP: 13/13 MP: 4/4
   189 | D:1      | Learned a level 1 spell: Summon Small Mammal
   194 | D:1      | Gained mutation: You are partially covered in molten
                  | scales. (AC +2) [demonic ancestry]
   194 | D:1      | Reached XP level 2. HP: 19/19 MP: 3/6
   197 | D:1      | Learned a level 2 spell: Call Imp
  1045 | D:2      | Gained mutation: You are mostly covered in molten scales.
                  | (AC +3) [demonic ancestry]
  1045 | D:2      | Reached XP level 3. HP: 12/25 MP: 0/7
  1252 | D:2      | Found a basalt altar of Yredelemnul.
  1564 | D:2      | Learned a level 3 spell: Call Canine Familiar
  1764 | D:2      | Got Paemp's Directory of Altered Electricity
  1830 | D:3      | Gained mutation: A weak demonic guardian rushes to your
                  | aid. [demonic ancestry]
  1830 | D:3      | Reached XP level 4. HP: 31/31 MP: 6/9
  1939 | D:3      | Reached skill level 2 in Summonings
  2055 | D:3      | Noticed Grinder
  2107 | D:3      | Paralysed by Grinder for 5 turns
  2119 | D:3      | HP: 1/31 [Grinder/nerve-wracking pain (7)]
  2183 | D:3      | Paralysed by Grinder for 4 turns
  2188 | D:3      | Killed Grinder
  2189 | D:3      | Reached skill level 1 in Fighting
  2189 | D:3      | Reached skill level 1 in Armour
  2189 | D:3      | Reached skill level 1 in Shields
  2189 | D:3      | Reached skill level 3 in Summonings
  2189 | D:3      | Reached XP level 5. HP: 5/37 MP: 1/11
  2189 | D:3      | Reached XP level 6. HP: 6/43 MP: 1/12
  2487 | D:3      | Found a faded altar of an unknown god.
  2519 | D:3      | Learned a level 3 spell: Summon Guardian Golem
  2818 | D:3      | Noticed Sigmund
  2838 | D:3      | Killed Sigmund
  2839 | D:3      | Reached skill level 1 in Short Blades
  3263 | D:4      | Reached skill level 4 in Summonings
  3263 | D:4      | Gained mutation: You regenerate magic rapidly. [demonic
                  | ancestry]
  3263 | D:4      | Reached XP level 7. HP: 18/48 MP: 3/13
  3487 | D:4      | Found Mihikoq's Antique Armour Boutique.
  4069 | D:5      | Entered Level 5 of the Dungeon
  4142 | D:5      | Reached skill level 5 in Summonings
  4610 | D:5      | Slain by a wight

Illustrated notes

Levels and vault maps discovered:
D:1:      dpeg_arrival_pond, layout_basic
D:2:      layout_rooms, basic_altar
D:3:      layout_loops_corners, hellmonk_ecumenical_altar_dog_temple,
          uniq_sigmund, uniq_grinder
D:4:      layout_loops_ring, serial_shops, nicolae_stop_n_shop_2,
          chequers_arboretum, minmay_box_of_dots
D:5:      layout_gridville, nicolae_kite_square_tiling_tiny

Skill      XL: |  1  2  3  4  5  6  7 |
---------------+----------------------+-----
Dodging        | 2 |  2.6
Conjurations   | 2 |  2.1
Summonings     | 3 4 5 |  5.2
Fighting       | 1 |  1.7
Armour         | 1 |  1.5
Stealth        | 2 |  2.5
Shields        | 1 2 |  2.5
Spellcasting   | 4 |  4.9
Short Blades   | 1 |  1.3
Hexes          | |  0.2
Translocations | |  0.8

Action                     |  1- 3 |  4- 6 |  7- 9 || total
---------------------------+-------+-------+-------++-------
  Melee: Dagger            |   103 |    85 |    74 ||   262
         Punch             |       |     1 |     2 ||     3
   Cast: Magic Dart        |    45 |     4 |       ||    49
         Summon Small Mamm |    12 |     5 |     2 ||    19
         Call Imp          |     9 |     7 |     6 ||    22
         Call Canine Famil |       |     9 |    18 ||    27
         Summon Guardian G |       |     1 |     6 ||     7
    Use: Scroll            |       |     5 |     5 ||    10
         Potion            |       |       |     1 ||     1
   Stab: Sleeping          |     2 |     2 |       ||     4
         Distracted        |     2 |     1 |     1 ||     4
 Armour: Leather armour    |    61 |    61 |    41 ||   163
  Dodge: Dodged            |   101 |    75 |    86 ||   262

Table legend: (Time is in decaauts)
 A = Elapsed time spent in this place.
 B = Non-inter-level travel time spent in this place.
 C = Inter-level travel time spent in this place.
 D = Time resting spent in this place.
 E = Time spent auto-exploring this place.
 F = Levels seen in this place.
 G = Mean time per level.
                   A        B        C        D        E       F      G
               +--------+--------+--------+--------+--------+-----+--------+
         Total |   4598 |   4510 |     88 |    146 |   2831 |   5 |  919.6 |
       Dungeon |   4598 |   4510 |     88 |    146 |   2831 |   5 |  919.6 |
               +--------+--------+--------+--------+--------+-----+--------+

Top non-repeatable levels by time:
     D:3: 1269 daAuts
     D:1: 1021 daAuts
     D:4: 1016 daAuts
     D:2: 756 daAuts
     D:5: 534 daAuts
